 Dungeon Crawl Stone Soup version 0.19-a0-48-g9fa930a (webtiles) character file.

8989 sbybp the Protected (level 11, -5/82 HPs)
             Began as a Minotaur Berserker on May 6, 2016.
             Was a High Priest of Trog.
             Slain by a cyan ugly thing (12 damage)
             ... on level 11 of the Dungeon.
             The game lasted 00:39:50 (9937 turns).

sbybp the Protected (Minotaur Berserker)            Turns: 9937, Time: 00:39:51

Health: -5/82      AC: 16    Str: 26    XL:     11   Next: 17%
Magic:  10/10      EV: 10    Int:  4    God:    Trog [*****.]
Gold:   538        SH:  6    Dex:  9    Spells: 0 memorised, 10 levels left

rFire  + . .     SeeInvis +     o - +1 war axe
rCold  + . .     Gourm    +     y - +1 chain mail {MR+}
rNeg   . . .     Faith    .     s - +0 buckler
rPois  .         Spirit   .     (helmet restricted)
rElec  .         Dismiss  .     H - +0 cloak
rCorr  .         Reflect  .     (no gloves)
SustAt .         Harm     .     D - +0 pair of boots {Stlth+}
MR     +++..                    l - amulet of the gourmand
Stlth  ..........               a - ring of protection from cold
                                v - ring of protection from fire

@: regenerating, extremely resistant to hostile enchantments, extremely
unstealthy
A: retaliatory headbutt, horns 2, see invisible, regeneration 1, sturdy frame 1
a: Berserk, Trog's Hand, Brothers in Arms, Burn Spellbooks, Renounce Religion


You were on level 11 of the Dungeon.
You worshipped Trog.
Trog was extremely pleased with you.
You were not hungry.

You visited 1 branch of the dungeon, and saw 11 of its levels.

You collected 538 gold pieces.

Inventory:

Hand Weapons
 o - a +1 war axe (weapon)
Armour
 s - a +0 buckler (worn)
 t - a +1 scale mail of cold resistance
 y - a +1 chain mail of magic resistance (worn)
 D - a +0 pair of boots of stealth (worn)
 H - a +0 cloak (worn)
Jewellery
 a - a ring of protection from cold (right hand)
 j - an uncursed ring of flight
 l - an amulet of the gourmand (around neck)
 m - an uncursed amulet of dismissal
 v - a ring of protection from fire (left hand)
 A - an uncursed ring of teleportation
Wands
 b - a wand of iceblast (5/15)
 p - a wand of polymorph (10/24)
 u - a wand of slowing (26/48)
 z - a wand of random effects (15/48)
 B - a wand of heal wounds (2/9)
 E - a wand of iceblast (9/15)
 G - a wand of flame (29/48)
Scrolls
 d - 2 scrolls of holy word
 h - 15 scrolls of identify
 i - 4 scrolls of recharging
 n - 3 scrolls of remove curse
 C - a scroll of enchant weapon
 F - a scroll of teleportation
 J - 3 scrolls of fog
 K - a scroll of magic mapping
Potions
 e - a potion of brilliance
 k - 5 potions of curing
 r - 2 potions of ambrosia
 x - a potion of agility
 L - a potion of heal wounds
 N - a potion of haste
Books
 g - a book of Frost

   Spells                             Type                      Level
   a - Freeze                         Ice                          1
   b - Throw Frost                    Conjuration/Ice              2
   c - Ozocubu's Armour               Charms/Ice                   3
   d - Throw Icicle                   Conjuration/Ice              4
   e - Summon Ice Beast               Ice/Summoning                4
   Trog disapproves of the use of such an item.
 I - a book of Clouds

   Spells                             Type                      Level
   a - Mephitic Cloud                 Conjuration/Poison/Air       3
   b - Conjure Flame                  Conjuration/Fire             3
   c - Poisonous Cloud                Conjuration/Poison/Air       6
   d - Freezing Cloud                 Conjuration/Ice/Air          6
   e - Ring of Flames                 Charms/Fire                  7
   Trog disapproves of the use of such an item.
Comestibles
 c - 5 bread rations
 f - 10 fruits
 q - 5 beef jerkies
 w - 5 meat rations
 M - a slice of pizza


   Skills:
 - Level 3.6 Fighting
 - Level 12.0 Axes
 + Level 12.3 Armour
 - Level 2.1 Dodging
 + Level 11.8 Shields


You had 10 spell levels left.
You didn't know any spells.

Dungeon Overview and Level Annotations

Branches:
Dungeon (11/15)            Temple (0/1) D:4            Lair (0/8) D:10
    Orc (0/2) D:9

Altars:
Fedhas
Gozag
Nemelex Xobeh
Okawaru
Pakellas
Ru
Yredelemnul
Zin
The Shining One

Shops:
D:9 (


Innate Abilities, Weirdness & Mutations

You reflexively headbutt those who attack you in melee.
You have a pair of horns on your head.
You have supernaturally acute eyesight.
Your natural rate of healing is unusually fast.
Your movements are slightly less encumbered by armour (ER -2).


Message History

You slash the cyan ugly thing!
Your headbutt misses the cyan ugly thing.
The cyan ugly thing is severely wounded.
You slash the orc!
You kill the orc!
Trog accepts your kill. The cyan ugly thing gores you.
The cyan ugly thing shocks you!
You closely miss the cyan ugly thing.
The cyan ugly thing is severely wounded.
The cyan ugly thing gores you but does no damage.
You barely miss the cyan ugly thing.
The cyan ugly thing is severely wounded.
The cyan ugly thing gores you. The cyan ugly thing shocks you!
* * * LOW HITPOINT WARNING * * *
You hit the cyan ugly thing.
The cyan ugly thing is severely wounded.
The cyan ugly thing gores you.
* * * LOW HITPOINT WARNING * * *
The cyan ugly thing shocks you!
You die...

###############
#..............
#.<............
#..............
#..............
#..............
#......@u......
#......).......
#..............
#.....[........
#..............
#..............
#.....####.....
#....[# .....


You could see a cyan ugly thing.

Vanquished Creatures
  The ghost of Potsanchik the Frost Mage, a novice MfIE of Ashenzari (D:6)
  A hill giant (D:10)
  An ugly thing (D:10)
  Pikel (D:5)
  2 guardian serpents (D:10)
  The ghost of Potsanchik the Stinger, a novice MfVM of Ashenzari (D:4)
  Prince Ribbit (D:7)
  9 yaks
  Eustachio (D:4)
  Sigmund (D:4)
  A hippogriff (D:9)
  A hungry ghost (D:7)
  Duvessa (D:4)
  2 hell hounds (D:10)
  2 black bears (D:9)
  5 orc warriors
  A sky beast (D:9)
  4 ice beasts
  A phantom (D:9)
  4 centaurs
  5 ogres
  A crocodile (D:7)
  2 giant frogs
  A big kobold (D:9)
  2 scorpions
  4 killer bees (D:7)
  Dowan (D:4)
  4 wights (D:8)
  7 howler monkeys
  A giant frog zombie (D:6)
  3 crimson imps
  A centaur zombie (D:7)
  4 jellies
  A giant frog skeleton (D:4)
  A hound (D:5)
  3 orc wizards
  Natasha (D:3)
  2 iguanas (D:4)
  7 worker ants
  A howler monkey zombie (D:7)
  8 gnolls (D:7)
  A howler monkey skeleton (D:10)
  10 adders
  3 shadow imps
  2 adder zombies
  An adder skeleton (D:7)
  A worm (D:1)
  2 dart slugs (D:2)
  2 giant geckos (D:10)
  32 orcs
  9 bats
  11 giant cockroaches
  6 hobgoblins
  14 jackals
  10 kobolds
  4 quokkas
  A ball python (D:5)
  A giant cockroach zombie (D:5)
  3 giant newts
  7 goblins
  5 rats
226 creatures vanquished.

Vanquished Creatures (others)
  A sky beast (D:5)
  A slave (D:5)
  A hound (D:5)
  A worker ant (D:5)
4 creatures vanquished.

Grand Total: 230 creatures vanquished

Notes
Turn   | Place    | Note
--------------------------------------------------------------
     0 | D:1      | sbybp the Minotaur Berserker began the quest for the Orb.
     0 | D:1      | Reached XP level 1. HP: 19/19 MP: 0/0
   296 | D:1      | Reached XP level 2. HP: 26/26 MP: 1/1
   759 | D:1      | Reached ** piety under Trog
   979 | D:1      | Reached skill level 5 in Axes
  1163 | D:2      | Reached XP level 3. HP: 31/31 MP: 2/2
  1824 | D:3      | Reached XP level 4. HP: 39/39 MP: 3/3
  1944 | D:3      | Reached *** piety under Trog
  2301 | D:3      | Noticed Natasha
  2304 | D:3      | Killed Natasha
  2304 | D:3      | Reached XP level 5. HP: 38/45 MP: 4/4
  2539 | D:4      | Noticed Potsanchik's ghost (novice MfVM)
  2553 | D:4      | Killed Potsanchik's ghost
  2553 | D:4      | Reached XP level 6. HP: 51/51 MP: 5/5
  2659 | D:4      | Reached XP level 7. HP: 38/57 MP: 6/6
  2684 | D:4      | Noticed Sigmund
  2695 | D:5      | Entered Level 5 of the Dungeon
  2707 | D:5      | Noticed Pikel
  2721 | D:5      | Killed Pikel
  2899 | D:5      | Reached XP level 8. HP: 61/64 MP: 7/7
  2901 | D:5      | Found an iron altar of Okawaru.
  3627 | D:4      | Reached skill level 1 in Shields
  3641 | D:4      | Killed Sigmund
  3675 | D:4      | Noticed Duvessa
  3675 | D:4      | Noticed Dowan
  3680 | D:4      | Killed Dowan
  3685 | D:4      | Killed Duvessa
  3884 | D:4      | Noticed Eustachio
  3886 | D:4      | Found a staircase to the Ecumenical Temple.
  3904 | D:4      | Killed Eustachio
  3904 | D:4      | Reached skill level 5 in Armour
  3951 | D:4      | Reached **** piety under Trog
  4030 | D:4      | Found an opulent altar of Gozag.
  4308 | D:6      | Found a sacrificial altar of Ru.
  4377 | D:6      | Reached skill level 5 in Shields
  4377 | D:6      | Reached XP level 9. HP: 48/70 MP: 8/8
  4478 | D:6      | Noticed Potsanchik's ghost (novice MfIE)
  4492 | D:6      | Killed Potsanchik's ghost
  4550 | D:6      | Found a basalt altar of Yredelemnul.
  4573 | D:6      | Found a glowing golden altar of the Shining One.
  4633 | D:6      | Found a sparkling altar of Nemelex Xobeh.
  4834 | D:6      | Found a blossoming altar of Fedhas.
  4949 | D:6      | Noticed an angel
  4974 | D:7      | Noticed Prince Ribbit
  5244 | D:7      | Killed Prince Ribbit
  5632 | D:7      | Found a glowing silver altar of Zin.
  5998 | D:7      | Reached XP level 10. HP: 45/77 MP: 9/9
  6511 | D:7      | Got a bloodstained chain mail
  6532 | D:7      | Reached ***** piety under Trog
  6731 | D:7      | Identified the +2 chain mail of the Comet {Str-2 Int+3} (You found it on level 7 of the Dungeon)
  6847 | D:8      | Reached skill level 10 in Armour
  7300 | D:8      | Found an oddly glowing altar of Pakellas.
  7924 | D:9      | Found a glowing golden altar of the Shining One.
  8058 | D:9      | Reached skill level 10 in Shields
  8070 | D:9      | Received a gift from Trog
  8357 | D:9      | Found a staircase to the Orcish Mines.
  8359 | D:9      | Found Vaxt's Weapon Boutique.
  8763 | D:9      | Identified a scroll of acquirement
  8774 | D:9      | Gained mutation: Your natural rate of healing is unusually fast. [potion of mutation]
  8774 | D:9      | Gained mutation: Your movements are slightly less encumbered by armour (ER -2). [potion of mutation]
  8774 | D:9      | Gained mutation: You have supernaturally acute eyesight. [potion of mutation]
  8815 | D:10     | Entered Level 10 of the Dungeon
  8816 | D:10     | Noticed a guardian serpent
  8817 | D:10     | Noticed a hill giant
  8825 | D:10     | Killed a hill giant
  8828 | D:10     | Killed a guardian serpent
  8828 | D:10     | Reached XP level 11. HP: 82/82 MP: 10/10
  8886 | D:10     | Noticed a cyan ugly thing
  8898 | D:10     | Killed a cyan ugly thing
  9420 | D:10     | Found a staircase to the Lair.
  9922 | D:11     | Noticed a cyan ugly thing
  9937 | D:11     | Slain by a cyan ugly thing

Vault maps used:
D:1:      ncdulo_watergridlock
D:2:      first_bread
D:3:      uniq_natasha
D:4:      minmay_thick_lines, lemuel_round_altar, minmay_temple_entry_grid,
          interstate_on_off, uniq_eustachio, uniq_sigmund, uniq_duvessa
D:5:      okawaru_trees_1, uniq_pikel
D:6:      fedhas_altar_fruit_tree, lemuel_crystal_altar,
          grunt_temple_overflow_holy_war, nemelex_xobeh_ov_fountains_minmay
D:7:      lemuel_crystal_altar, uniq_prince_ribbit1
D:8:      marbit_many_paths
D:9:      orc_david_3, basic_altar
D:10:     nrook_guardian_serpent_snake_passage, minmay_lair_entry_lava
D:11:     minmay_goldmine, lab_entry_generic, hangedman_pestilent_swarm

Skill      XL: |  1  2  3  4  5  6  7  8  9 10 11 |
---------------+----------------------------------+-----
Axes           | 4 5 7 9 11 12 | 12.0
Shields        | 5 8 11 | 11.8
Armour         | 5 9 11 12 | 12.3
Fighting       | |  3.6
Dodging        | |  2.1

Action                   |  1- 3 |  4- 6 |  7- 9 | 10-12 || total
-------------------------+-------+-------+-------+-------++-------
Melee: Hand axe          |    71 |    32 |       |       ||   103
       Headbutt          |    12 |     9 |    60 |    62 ||   143
       War axe           |       |    52 |   312 |   313 ||   677
Invok: Trog's Hand       |       |     1 |     1 |     2 ||     4
       Berserk           |       |     1 |     3 |     3 ||     7
  Use: Potion            |       |       |     8 |     4 ||    12
       Scroll            |       |       |     6 |     6 ||    12
 Stab: Sleeping          |     1 |       |       |       ||     1
  Eat: Chunk             |     2 |     3 |    20 |    19 ||    44
Armor: Ring mail         |    12 |    35 |     9 |       ||    56
       Animal skin       |     1 |       |       |       ||     1
       Chain mail        |       |       |    79 |    91 ||   170
       Scale mail        |       |       |    11 |    18 ||    29
Dodge: Dodged            |    34 |    39 |   104 |    94 ||   271
Block: Buckler           |     1 |     9 |    45 |    54 ||   109
